AoeStats
← koppzer

Oasis

509986544Analyzed
4v4 RM · 3d ago on Sep 28, 2026· 35m 1s· 8 players
Game mode
Random Map
Map size
Large (8 player)
Population
200
Speed
Normal
Resources
Standard
Victory
Conquest
Starting age
Dark Age
Ending age
Imperial Age
RankedLock teamsTeams togetherTeam positionsShared explorationLock speedFull tech treeHidden civsTurbo modeCheats
Victory
Defeat
🇲🇽 Khmer · Mexico
1319
+15
🇨🇦 Sicilians · Canada
1308
+15
🇳🇱 Ethiopians · Netherlands
1292
+16
🇷🇺 Mongols · Russia
1243
+18
🇦🇷 Khmer · Argentina
1328
-19
🇦🇷 Mongols · Argentina
1321
-17
🇦🇷 Burgundians · Argentina
1270
-15
🇦🇷 Vietnamese · Argentina
1226
-13
samuel_ojeda
3:35 Loom
9:16 Feudal Age
9:54 Man-at-Arms
14:41 Double-Bit Axe
18:00 Fletching
28:10 Castle Age
[BRANCA] Ale Vai
1:48 Loom
7:39 Feudal Age
14:44 Town Watch
21:08 Castle Age
20:02 Double-Bit Axe
24:11 Bloodlines
25:17 Wheelbarrow
25:04 Forging
25:20 Scale Barding Armor
25:46 Bloodlines
26:41 Iron Casting
27:12 Chain Barding Armor
27:01 Husbandry
29:02 Bow Saw
28:32 Horse Collar
Alejandro Manco
6:20 Double-Bit Axe
10:21 Feudal Age
11:59 Loom
14:44 Castle Age
14:21 Wheelbarrow
14:51 Bow Saw
15:20 Wheelbarrow
16:08 Scale Barding Armor
17:27 Town Watch
19:00 Horse Collar
20:07 Heavy Plow
23:37 Town Watch
25:03 Hand Cart
30:13 Gold Mining
31:47 Chain Barding Armor
34:36 Imperial Age
31:40 Cavalier
32:24 Husbandry
32:23 Stone Mining
33:09 Gold Shaft Mining
33:18 Gold Shaft Mining
34:16 Crop Rotation
34:05 Forging
35:46 Iron Casting
34:49 Paladin
DS_mikita
1:39 Loom
13:02 Feudal Age
14:25 Double-Bit Axe
17:02 Fletching
17:12 Padded Archer Armor
25:52 Castle Age
23:46 Gold Mining
23:41 Horse Collar
26:08 Wheelbarrow
26:41 Thumb Ring
26:05 Crossbowman
28:02 Bodkin Arrow
30:38 Leather Archer Armor
twitch.tv/skof03
0:28 Loom
7:09 Loom
9:09 Feudal Age
10:23 Double-Bit Axe
14:00 Forging
15:21 Wheelbarrow
14:57 Horse Collar
19:19 Castle Age
18:08 Gold Mining
18:41 Bloodlines
20:01 Scale Barding Armor
20:40 Bow Saw
23:08 Iron Casting
22:58 Chain Barding Armor
26:33 Husbandry
27:50 Hand Cart
27:32 Stone Mining
28:42 Heavy Plow
31:09 Iron Casting
30:25 Fletching
35:40 Imperial Age
34:01 Gold Shaft Mining
koppzer
7:15 Loom
10:04 Feudal Age
10:17 Man-at-Arms
14:36 Fletching
19:43 Wheelbarrow
20:10 Padded Archer Armor
22:48 Castle Age
22:48 Crossbowman
23:24 Bodkin Arrow
23:35 Double-Bit Axe
24:22 Gold Mining
25:11 Bow Saw
27:43 Leather Archer Armor
28:19 Hand Cart
31:02 Ballistics
34:28 Imperial Age
AnonymousJohn
7:07 Loom
10:29 Feudal Age
15:16 Castle Age
13:33 Double-Bit Axe
13:37 Horse Collar
20:23 Bow Saw
22:26 Bloodlines
28:18 Scale Barding Armor
33:00 Imperial Age
31:06 Wheelbarrow
31:20 Fletching
31:31 Padded Archer Armor
31:53 Ballistics
31:35 Husbandry
32:18 Bodkin Arrow
32:57 Gold Mining
32:57 Stone Mining
33:43 Hand Cart
34:08 Conscription
33:50 Bracer
35:05 Chemistry
Mush
1:00 Loom
3:29 Loom
10:37 Feudal Age
14:28 Wheelbarrow
13:40 Double-Bit Axe
19:15 Castle Age
17:47 Horse Collar
18:56 Fletching
19:28 Crossbowman
20:26 Padded Archer Armor
21:39 Bodkin Arrow
25:24 Ballistics
27:56 Hand Cart
28:31 Leather Archer Armor
29:58 Thumb Ring
33:37 Bow Saw
Connection lost

Rejoining the realm…

Still unreachable

The connection could not be restored.

Session expired

The server has moved on; the page needs a fresh start.